 Dungeon Crawl Stone Soup version 0.21.1-1-g345015f (webtiles) character file.

51 tidbits the Charmwright (level 3, 28/31 HPs)
             Began as a Gnoll Skald on June 22, 2018.
             Quit the game on level 4 of the Dungeon.
             The game lasted 00:04:09 (348 turns).

tidbits the Charmwright (Gnoll Skald)                Turns: 348, Time: 00:04:10

Health: 28/31      AC:  4    Str: 13    XL:     3   Next: 83%
Magic:  1/9        EV: 14    Int: 16    God:
Gold:   66         SH:  0    Dex: 14    Spells: 1/12 levels left

rFire    . . .     SeeInvis .   a - +0 hand axe
rCold    . . .     Gourm    .   (no shield)
rNeg     . . .     Faith    .   b - +0 leather armour
rPois    +         Spirit   .   (no helmet)
rElec    .         Reflect  .   (no cloak)
rCorr    .         Harm     .   (no gloves)
MR       .....                  k - +0 pair of boots
Stlth    +.........             (no amulet)
HPRegen  0.10/turn              m - ring of poison resistance
MPRegen  0.11/turn              (no ring)

@: very slightly contaminated
A: distributed training, fangs 1, strong nose
a: no special abilities


You were on level 4 of the Dungeon.
You were not hungry.

You visited 1 branch of the dungeon, and saw 4 of its levels.

You collected 66 gold pieces.

Inventory:

Hand Weapons
 a - a +0 hand axe (weapon)
 h - a +0 dagger
 n - a +0 flail
 o - a +0 trident
Missiles
 i - 21 stones (quivered)
 j - 5 tomahawks
Armour
 b - a +0 leather armour (worn)
 k - a +0 pair of boots (worn)
Jewellery
 m - a ring of poison resistance (left hand)
   (You found it on level 2 of the Dungeon)
Scrolls
 e - a scroll of magic mapping
 f - a scroll of teleportation
 g - a scroll of identify
Potions
 l - a potion of heal wounds
Books
 c - a book of Battle

   Spells                             Type                      Level
   a - Infusion                       Charms                       1
   b - Shroud of Golubria             Charms/Translocation         2
   c - Song of Slaying                Charms                       2
   d - Spectral Weapon                Hexes/Charms                 3
   e - Regeneration                   Charms/Necromancy            3
Comestibles
 d - 3 rations


   Skills:
 + Level 4.5 Fighting
 + Level 0.9 Short Blades
 + Level 0.9 Long Blades
 + Level 4.5 Axes
 + Level 0.9 Maces & Flails
 + Level 0.9 Polearms
 + Level 0.9 Staves
 + Level 0.9 Slings
 + Level 0.9 Bows
 + Level 0.9 Crossbows
 + Level 0.9 Throwing
 + Level 2.6 Armour
 + Level 4.5 Dodging
 + Level 0.9 Stealth
 + Level 0.9 Shields
 + Level 0.9 Unarmed Combat
 + Level 5.0 Spellcasting
 + Level 0.6 Conjurations
 + Level 0.6 Hexes
 + Level 5.4 Charms
 + Level 0.6 Summonings
 + Level 0.6 Necromancy
 + Level 0.6 Translocations
 + Level 0.6 Transmutations
 + Level 0.6 Fire Magic
 + Level 0.6 Ice Magic
 + Level 0.6 Air Magic
 + Level 0.6 Earth Magic
 + Level 0.6 Poison Magic
 + Level 1.0 Invocations
 + Level 0.9 Evocations


You had one spell level left.
You knew the following spells:

 Your Spells              Type           Power        Failure   Level  Hunger
g - Shroud of Golubria    Chrm/Tloc      ##........   9%          2    #......
i - Infusion              Chrm           ###.         1%          1    None
r - Regeneration          Chrm/Necr      ##........   17%         3    ###....
w - Spectral Weapon       Hex/Chrm       ##......     17%         3    ###....
y - Song of Slaying       Chrm           ###.....     3%          2    #......


Dungeon Overview and Level Annotations

Branches:
Dungeon (4/15)
 Temple: D:4-7

Altars:
Vehumet


Innate Abilities, Weirdness & Mutations

Your experience applies equally to all skills.
You have very sharp teeth.
Your uncanny sense of smell can sniff out nearby items.


Message History

Found a stone staircase leading down.
You see here a ration.
d - 2 rations (gained 1)
A rat comes into view.
The rat moves out of view.
You see here a ration.
d - 3 rations (gained 1)
You see here a large brass ring.
m - a large brass ring
Casting: Song of Slaying
Confirm with . or Enter, or press ? or * to list all spells.
You start singing a song of slaying.
You slash the rat!
You kill the rat!
Put on which piece of jewellery? (? for menu, Esc to quit)
m - a ring of poison resistance (left hand)
There is a stone staircase leading down here.
You climb downwards.
Found a flail.
There is a stone staircase leading up here.
Unknown command.
You see here a flail.
n - a flail
There is a stone staircase leading up here.
Found 22 stones.
There is a stone staircase leading up here.
You climb upwards.
There is a stone staircase leading down here.
Unknown command.
There is a stone staircase leading down here.
You climb downwards.
Found a trident.
Found a stone staircase leading down.
There is a stone staircase leading up here.
As you read the scroll labeled IDUABR LEGOAMU, it crumbles to dust.
It is a scroll of identify.
f - a scroll of teleportation
As you read the scroll of identify, it crumbles to dust.
e - a scroll of magic mapping
As you read the scroll of identify, it crumbles to dust.
l - a potion of heal wounds Your song is almost over.
Unknown command.
Found a stone staircase leading down.
You hear a shout!
A hobgoblin comes into view.
A giant cockroach comes into view.
You see here a trident.
o - a trident Your song has ended.
Found 4 gold pieces.
Casting: Song of Slaying
Confirm with . or Enter, or press ? or * to list all spells.
You start singing a song of slaying.
Casting: Song of Slaying
Confirm with . or Enter, or press ? or * to list all spells.
You miscast Spectral Weapon.
You are very lightly contaminated with residual magic.
Waves of light ripple over your body.
You barely miss the hobgoblin. The hobgoblin hits you.
You hit the hobgoblin but do no damage.
The hobgoblin hits you but does no damage.
You hit the giant cockroach.
The giant cockroach is almost dead.
You hit the hobgoblin.
You kill the hobgoblin!
The giant cockroach barely misses you.
You hit the giant cockroach.
You kill the giant cockroach!
There is a stone staircase leading down here.
You climb downwards. 4 orcs and an orc priest come into view.
The orc shouts! x2; You hear a shout!
There is a stone staircase leading up here.
Unknown command.
The orc moves out of view.
You climb upwards.
There is a stone staircase leading down here.
Unknown command.
There is a stone staircase leading down here.
You climb downwards.
Your magical contamination has completely faded away.
There is a stone staircase leading up here.
Unknown command.
Your song is almost over.
Found a scroll of identify.
You hear a shout!
An ogre comes into view. It is wielding a giant club.
Found a robe.
Casting: Spectral Weapon
Confirm with . or Enter, or press ? or * to list all spells.
You miscast Spectral Weapon.
You are very lightly contaminated with residual magic.
Waves of light ripple over your body.
Your song has ended.
Casting: Spectral Weapon
Confirm with . or Enter, or press ? or * to list all spells.
You miscast Spectral Weapon.
The light around you dims momentarily.
Are you sure you want to abandon this character and quit the game? (Confirm with "yes".)

.....#######..#
... .#.. . #####
.[.. .... ... ∆
#..# ..# #..#
..# #..# ..#
####..####O.# #
#........@?.#∆
#.#.##..#####.#
##....#..# #
.........#####.#
####............
.......<.#####.#
###............
#############


You could see an ogre.

Vanquished Creatures
  An adder (D:2)
  3 dart slugs
  A ball python (D:1)
  6 bats
  2 giant cockroaches
  2 hobgoblins
  3 jackals (D:1)
  5 kobolds (D:1)
  5 goblins
  7 rats
35 creatures vanquished.

Notes
Turn   | Place    | Note
-------+----------+-------------------------------------------
     0 | D:1      | tidbits the Gnoll Skald began the quest for the Orb.
     0 | D:1      | Reached XP level 1. HP: 20/20 MP: 6/6
    45 | D:1      | Reached XP level 2. HP: 24/26 MP: 1/7
    68 | D:1      | Learned a level 2 spell: Song of Slaying
    71 | D:1      | Learned a level 2 spell: Shroud of Golubria
   129 | D:1      | Reached XP level 3. HP: 22/31 MP: 3/9
   134 | D:1      | Learned a level 3 spell: Regeneration
   138 | D:1      | Learned a level 3 spell: Spectral Weapon
   213 | D:2      | Found a radiant altar of Vehumet.
   220 | D:2      | Reached skill level 5 in Spellcasting
   237 | D:2      | Reached skill level 1 in Invocations
   345 | D:4      | Noticed an ogre
   348 | D:4      | Quit the game

Skill      XL: |  1  2  3 |
---------------+----------+-----
Spellcasting   | 5 |  5.0
Invocations    | 1 |  1.0
Fighting       | |  4.5
Short Blades   | |  0.9
Long Blades    | |  0.9
Axes           | |  4.5
Maces & Flails | |  0.9
Polearms       | |  0.9
Staves         | |  0.9
Slings         | |  0.9
Bows           | |  0.9
Crossbows      | |  0.9
Throwing       | |  0.9
Armour         | |  2.6
Dodging        | |  4.5
Stealth        | |  0.9
Shields        | |  0.9
Unarmed Combat | |  0.9
Conjurations   | |  0.6
Hexes          | |  0.6
Charms         | |  5.4
Summonings     | |  0.6
Necromancy     | |  0.6
Translocations | |  0.6
Transmutations | |  0.6
Fire Magic     | |  0.6
Ice Magic      | |  0.6
Air Magic      | |  0.6
Earth Magic    | |  0.6
Poison Magic   | |  0.6
Evocations     | |  0.9

Action                   || total
-------------------------++-------
Melee: Hand axe          ||    72
       Bite              ||     5
 Cast: Infusion          ||     2
       Song of Slaying   ||     5
       Shroud of Golubri ||     1
  Use: Scroll            ||     3
Armor: Leather armour    ||    18
Dodge: Dodged            ||    47

Table legend:
 A = Turns spent in this place as a percentage of turns spent in the entire game.
 B = Non-inter-level travel turns spent in this place as a percentage of non-inter-level travel turns spent in the entire game.
 C = Inter-level travel turns spent in this place as a percentage of turns spent in this place.
 D = Turns resting spent in this place as a percentage of non-inter-level travel turns spent in this place.
 E = Turns spent auto-exploring this place as a percentage of non-inter-level travel turns spent in this place.
 F = Non-inter-level travel turns spent in this place divided by the number of levels of this place that you've seen.
                   A       B       C       D       E      F
               +-------+-------+-------+-------+-------+----------------------
         Total | 100.0 | 100.0 |   0.0 |   0.0 |   0.0 |  87.0
       Dungeon | 100.0 | 100.0 |   0.0 |   0.0 |   0.0 |  87.0
               +-------+-------+-------+-------+-------+----------------------

Table legend:
 A = Kills in this place as a percentage of kills in entire the game.
 B = Kills by you in this place as a percentage of kills by you in the entire game.
 C = Kills by friends in this place as a percentage of kills by friends in the entire game.
 D = Other kills in this place as a percentage of other kills in the entire game.
 E = Experience gained in this place as a percentage of experience gained in the entire game.
 F = Experience gained in this place divided by the number of levels of this place that you have seen.
                   A       B       C       D       E      F
               +-------+-------+-------+-------+-------+----------------------
         Total | 100.0 | 100.0 |   N/A |   N/A | 100.0 |  18.5
       Dungeon | 100.0 | 100.0 |   N/A |   N/A | 100.0 |  18.5
               +-------+-------+-------+-------+-------+----------------------

Vault maps used:
D:1:      lightli_arrival_chessboard
D:2:      vehumet_crystals, first_ration
D:3:      minmay_misc_feat_roman
